 Dungeon Crawl Stone Soup version 0.29-a0-1009-g60c99734e7 (webtiles) character file.

Game seed: 9106015939753262177

7296 BritishOli the Fighter (level 10, -8/83 HPs)
             Began as a Demonspawn Fighter on Aug 8, 2022.
             Was an Elder of Okawaru.
             Mangled by a yak (10 damage)
             ... in an ice cave.
             The game lasted 00:33:08 (13564 turns).

BritishOli the Fighter (Demonspawn Fighter)        Turns: 13564, Time: 00:33:10

Health: -8/83      AC: 15    Str: 21    XL:     10   Next: 89%
Magic:  0/19       EV:  7    Int:  9    God:    Okawaru [****..]
Gold:   493        SH:  7    Dex: 19    Spells: 9/9 levels left

rFire   . . .      SeeInvis .   a - +0 long sword
rCold   . . .      Faith    .   c - +0 buckler
rNeg    . . .      Spirit   +   J - +0 plate armour
rPois   .          Reflect  .   (no helmet)
rElec   .          Harm     .   (no cloak)
rCorr   .          Rampage  .   I - +0 pair of gloves
Will    .....                   (boots unavailable)
Stlth   ..........              B - amulet of guardian spirit
HPRegen 0.23/turn               k - +6 ring of dexterity
MPRegen 0.16/turn               D - ring of magical power

@: mighty
A: hooves 3, powered by death 1, powered by pain 2, sturdy frame 1, bedeviling
a: Renounce Religion, Heroism, Finesse


You were in an ice cave.
You worshipped Okawaru.
Okawaru was greatly pleased with you.
You visited 2 branches of the dungeon, and saw 13 of its levels.
You also visited: Ice Cave.

You collected 493 gold pieces.

Inventory:

Hand Weapons
 a - a +0 long sword (weapon)
Missiles
 f - 2 throwing nets (quivered)
 t - 5 javelins
Armour
 c - a +0 buckler (worn)
 I - a +0 pair of gloves (worn)
 J - a +0 plate armour (worn)
Jewellery
 k - a +6 ring of dexterity (left hand)
 B - an amulet of guardian spirit (around neck)
 D - a ring of magical power (right hand)
 H - an amulet of regeneration
Wands
 u - a wand of polymorph (2)
 v - a wand of iceblast (2)
 F - a wand of digging (7)
Scrolls
 b - a scroll of fear
 e - a scroll of poison
 g - a scroll of magic mapping
 i - a scroll of summoning
 j - a scroll of blinking
 m - 3 scrolls of enchant armour
 n - a scroll of vulnerability {unknown}
 r - 2 scrolls of amnesia
 s - a scroll of immolation {unknown}
 x - a scroll of brand weapon
Potions
 d - 3 potions of might
 h - 3 potions of flight
 l - 3 potions of mutation {unknown}
 p - 3 potions of brilliance {unknown}
 q - 3 potions of magic {unknown}
 w - a potion of degeneration {unknown}
 z - a potion of resistance {unknown}
 A - 2 potions of haste {unknown}
 C - a potion of lignification {unknown}
 E - 2 potions of berserk rage {unknown}


   Skills:
 + Level 9.1 Fighting
 + Level 7.9 Long Blades
 + Level 8.2 Armour
 + Level 8.2 Shields


You had 9 spell levels left.
You didn't know any spells.
Your spell library contained the following spells:

 Spells                   Type           Power      Damage    Failure   Level
 Ensorcelled Hibernation  Hex/Ice        0%         N/A       100%        2
 Passwall                 Tmut/Erth      0%         N/A       100%        2
 Poisonous Vapours        Pois/Air       0%         N/A       100%        2
 Swiftness                Air            0%         N/A       100%        3
 Corpse Rot               Necr/Pois/Air  0%         N/A       100%        4
 Fulminant Prism          Conj/Hex       0%         3d6       100%        4
 Iskenderun's Mystic Bla  Conj/Tloc      0%         2d3       100%        4
 Lee's Rapid Deconstruct  Erth           0%         3d5*      100%        5


Dungeon Overview and Level Annotations

Branches:
Dungeon (12/15)            Temple (1/1) D:5            Lair (0/5) D:9
    Orc (0/2) D:12          IceCv (1/1)

Altars:
Ashenzari
Cheibriados
Fedhas
Gozag
Hepliaklqana
Kikubaaqudgha
Makhleb
Nemelex Xobeh
Okawaru
Qazlal
Ru
Sif Muna
Uskayaw
Vehumet
Xom
Yredelemnul

Shops:
D:1 *   D:3 [   D:4 (   D:7 (

Annotations:
D:6 3 runed translucent doors, NoKap's ghost, novice GnFi
D:11 Grum


Innate Abilities, Weirdness & Mutations

You have hooves in place of feet.
You regenerate a little health from kills.
You sometimes gain power by taking damage.
Your movements are slightly less encumbered by armour. (ER -2)
Your hexes are more powerful.


Message History

Okay, then.
Okay, then.
Okay, then.
Okay, then.
There is an ice covered gate leading back out of this place here.
You feel better. You block the wolf's attack.
Okay, then.
You don't have enough magic at the moment.
You slash the wolf!
The wolf is moderately wounded.
The wolf bites you!
* * * LOW HITPOINT WARNING * * *
The wolf bites you.
* * * LOW HITPOINT WARNING * * *
You block the wolf's attack. The wolf barely misses you.
The wolf closely misses you.
You slash the wolf!
The wolf is almost dead.
You block the wolf's attack. x2; The wolf bites you but does no damage.
The wolf barely misses you.
The wolf bites you but does no damage. x2
You slash the wolf!
You kill the wolf!
Okawaru accepts your kill.
The wolf pauses to sniff the ground.
You block the wolf's attack. The wolf barely misses you.
The wolf bites you but does no damage. You block the wolf's attack.
You barely miss the wolf. The wolf closely misses you.
The wolf stops to sniff the ground.
The wolf barely misses you. The yak gores you but does no damage.
You slash the wolf! You kick the wolf.
The wolf is heavily wounded.
The wolf bites you but does no damage. You block the wolf's attack.
The wolf bites you but does no damage. x2; You block the yak's attack.
You slash the wolf!
You kill the wolf!
Okawaru accepts your kill. The wolf bites you!
* * * LOW HITPOINT WARNING * * *
The yak gores you!
You die...

# ####.###.
###........
##..∩.....#
#h∩....#.##
#@Y#####
####


You could see a yak and a wolf.

Vanquished Creatures
  Harold (D:10)
  A troll (D:11)
  A hornet (D:11)
  A jumping spider (D:6)
  A wyvern (D:8)
  20 yaks
  2 steam dragons
  2 wargs (D:9)
  Edmund (D:5)
  2 water moccasins
  An ice beast (D:5)
  3 orc warriors (D:9)
  3 centaurs
  3 ogres
  2 wolves (IceCv)
  Blork the orc (D:4)
  A bullfrog (D:7)
  A necrophage (D:8)
  2 kobold brigands
  2 gnoll sergeants
  A killer bee (D:7)
  2 howler monkeys (D:9)
  5 orc priests
  Ijyb (D:3)
  Terence (D:3)
  8 orc wizards
  A troll simulacrum (D:12)
  A wolf simulacrum (D:12)
  Robin (D:3)
  6 adders
  11 gnolls
  A shadow imp (D:6)
  A white imp (D:7)
  3 ufetubi
  2 dart slugs
  17 orcs
  10 endoplasms
  2 giant cockroaches (D:2)
  4 hobgoblins
  8 jackals
  5 quokkas
  10 ball pythons
  6 bats
  3 frilled lizards
  13 goblins
  24 kobolds
  5 rats
203 creatures vanquished.

Vanquished Creatures (others)
  3 plants
3 creatures vanquished.

Grand Total: 206 creatures vanquished

Notes
Turn   | Place    | Note
-------+----------+-------------------------------------------
     0 | D:1      | BritishOli the Demonspawn Fighter began the quest for the
                  | Orb.
     0 | D:1      | Reached XP level 1. HP: 18/18 MP: 1/1
   319 | D:1      | Gained mutation: You regenerate a little health from kills.
                  | [demonic ancestry]
   319 | D:1      | Reached XP level 2. HP: 24/24 MP: 2/2
   461 | D:1      | Found Seyxuf's General Store.
   599 | D:1      | Found a faded altar of an unknown god.
   978 | D:1      | Gained mutation: You have large cloven feet. [demonic
                  | ancestry]
   978 | D:1      | Reached XP level 3. HP: 29/29 MP: 3/3
  1153 | D:2      | Found a shimmering blue altar of Sif Muna.
  1825 | D:3      | Reached XP level 4. HP: 35/35 MP: 4/4
  1888 | D:3      | Found Codduweecs's Armour Boutique.
  1900 | D:3      | Noticed Ijyb
  1922 | D:3      | Killed Ijyb
  1923 | D:3      | Gained mutation: You have hoof-like feet. [demonic
                  | ancestry]
  1923 | D:3      | Reached XP level 5. HP: 22/42 MP: 5/5
  2101 | D:3      | Noticed Terence
  2113 | D:3      | Killed Terence
  2114 | D:3      | Reached skill level 4 in Fighting
  2211 | D:3      | Noticed Robin
  2222 | D:3      | Killed Robin
  2527 | D:3      | Found a burning altar of Makhleb.
  2670 | D:4      | Found Lorphifu's Antique Weapon Emporium.
  2750 | D:4      | Noticed Blork the orc
  2756 | D:4      | Killed Blork the orc
  2757 | D:4      | Gained mutation: You sometimes gain a little power by
                  | taking damage. [demonic ancestry]
  2757 | D:4      | Reached XP level 6. HP: 23/48 MP: 6/6
  3739 | D:5      | Entered Level 5 of the Dungeon
  3778 | D:5      | Noticed Edmund
  3991 | D:5      | Found a staircase to the Ecumenical Temple.
  4001 | Temple   | Entered the Ecumenical Temple
  4075 | Temple   | Became a worshipper of Warmaster Okawaru
  4114 | D:6      | Found a radiant altar of Vehumet.
  4157 | D:6      | Noticed a water moccasin
  4170 | D:6      | Killed a water moccasin
  4171 | D:6      | Gained mutation: Your movements are slightly less
                  | encumbered by armour. (ER -2) [demonic ancestry]
  4171 | D:6      | Reached XP level 7. HP: 30/55 MP: 5/7
  4370 | D:6      | Found a runed translucent gate.
  4370 | D:6      | Found a runed translucent gate.
  4370 | D:6      | Found a runed translucent gate.
  4374 | D:6      | Noticed NoKap's ghost (novice GnFi)
  4399 | D:6      | Found a broken altar of Ashenzari.
  4803 | D:6      | Found the +7 staff of the Meek {protect, meekguard}
  4984 | D:6      | Reached skill level 5 in Fighting
  5300 | D:7      | Found Vigi's Antique Weapon Emporium.
  5328 | D:7      | You fall into a shaft and drop 1 floor!
  5438 | D:7      | Reached * piety under Okawaru
  5673 | D:7      | Reached skill level 5 in Armour
  5707 | D:7      | Reached skill level 5 in Shields
  5707 | D:7      | Gained mutation: You sometimes gain power by taking damage.
                  | [demonic ancestry]
  5707 | D:7      | Reached XP level 8. HP: 22/63 MP: 3/8
  6194 | D:5      | Killed Edmund
  6872 | D:7      | Reached skill level 6 in Fighting
  7248 | D:7      | Noticed a troll
  7259 | D:7      | HP: 2/64 [something/ball of steam (10)]
  7626 | D:9      | Found a staircase to the Lair.
  7644 | D:9      | Reached skill level 5 in Long Blades
  7657 | D:9      | Reached ** piety under Okawaru
  7979 | D:8      | Gained mutation: You have hooves in place of feet. [demonic
                  | ancestry]
  7979 | D:8      | Reached XP level 9. HP: 16/71 MP: 2/9
  8251 | D:8      | Found a shimmering altar of Xom.
  8251 | D:8      | Noticed an angel
  8576 | D:7      | Reached skill level 7 in Fighting
  8681 | D:6      | Noticed a harpy
  8681 | D:6      | a yak changed into a harpy
  9358 | D:8      | Reached *** piety under Okawaru
 10403 | D:9      | Found a hide-covered altar of Uskayaw.
 10433 | D:9      | Gained mutation: Your hexes are more powerful. [demonic
                  | ancestry]
 10433 | D:9      | Reached XP level 10. HP: 57/80 MP: 10/10
 10447 | D:9      | Reached skill level 8 in Fighting
 10741 | D:9      | Reached **** piety under Okawaru
 10923 | D:9      | Found a stormy altar of Qazlal.
 11372 | D:10     | Entered Level 10 of the Dungeon
 11749 | D:10     | Noticed Harold
 11766 | D:10     | Killed Harold
 12416 | D:11     | Noticed Grum
 12422 | D:11     | Paralysed by a hornet for 3 turns
 12429 | D:11     | Paralysed by a hornet for 3 turns
 12431 | D:11     | HP: 1/82 [Grum/-2 spear of pain (4)]
 12770 | D:11     | Noticed a boulder beetle
 12829 | D:10     | HP: 2/82 [boulder beetle (17)]
 12848 | D:11     | HP: 1/82 [orc priest/divine providence (5)]
 13525 | D:11     | Reached skill level 9 in Fighting
 13530 | D:11     | Noticed an eight-headed hydra
 13546 | D:12     | Found a frozen archway.
 13551 | D:12     | HP: 2/83 [troll simulacrum (6)]
 13554 | IceCv    | Entered an ice cave
 13564 | IceCv    | HP: 2/83 [wolf (6)]
 13564 | IceCv    | Mangled by a yak

Illustrated notes

Levels and vault maps discovered:
D:1:      kilobyte_arrival_exit_the_forest, layout_basic,
          hellmonk_ecumenical_altar_crossroads, serial_shops, shop,
          minmay_fountain_box
D:2:      layout_rooms, basic_altar, roderic_serpentine_path
D:3:      layout_loops_ring, marbit_many_paths, serial_shops, shop_fountains,
          uniq_ijyb, uniq_robin, uniq_terence
D:4:      layout_basic, serial_shops, nicolae_shop_behind_doors,
          uniq_blork_the_orc
D:5:      layout_cave_pools, minmay_temple_entry_wispy, uniq_edmund
D:6:      layout_loops_ring, old_standard_altar, ashenzari_conservatory_becter,
          mainiacjoe_overflow_chevrons, gammafunk_ghost_necromancy
D:7:      layout_loops_ring, mainiacjoe_overflow_brackets,
          trog_three_pillars_becter, serial_shops, shop, uniq_crazy_yiuf_cottage
D:8:      layout_gridville, grunt_temple_overflow_order_and_chaos_1, tgw_sif,
          general_overflow_altar
D:9:      layout_irregular_city, lemuel_crystal_altar,
          nicolae_uskayaw_murder_on_the_dancefloor, erik_lair_orcish_takeover
D:10:     layout_gridville, mainiacjoe_overflow_six_doors_small, uniq_harold
D:11:     layout_loops_ring, chequers_serial_rivers_small_3, uniq_grum
D:12:     layout_cave_pools, hiddenorc1_lemuel,
          portal_ice_cave_entry_ice_simulacra, serial_shops, shop,
          grunt_ministairs_5
Temple:   dpeg_three_leaves_temple
IceCv:    ice_cave_caverns_02

Skill      XL: |  1  2  3  4  5  6  7  8  9 10 |
---------------+-------------------------------+-----
Long Blades    | 2 3 4 5 6 7 |  7.9
Armour         | 3 4 5 6 7 8 |  8.2
Shields        | 3 4 5 6 7 8 |  8.2
Fighting       | 4 5 6 7 9 |  9.1

Action                   |  1- 3 |  4- 6 |  7- 9 | 10-12 || total
-------------------------+-------+-------+-------+-------++-------
Melee: Long sword        |   106 |       |   195 |   202 ||   503
       Dagger            |    39 |   109 |   137 |       ||   285
       Kick              |    12 |    31 |   110 |    93 ||   246
       Unarmed           |       |    20 |       |       ||    20
Evoke: Wand              |       |       |     9 |     3 ||    12
  Use: Scroll            |       |       |    11 |    12 ||    23
       Potion            |       |       |     7 |     3 ||    10
Armor: Scale mail        |    83 |    35 |   100 |       ||   218
       Skin              |       |     5 |       |       ||     5
       Plate armour      |       |       |    18 |   115 ||   133
Dodge: Dodged            |    57 |    46 |   146 |    78 ||   327
Block: Buckler           |    31 |    15 |   108 |    79 ||   233

Table legend: (Time is in decaauts)
 A = Elapsed time spent in this place.
 B = Non-inter-level travel time spent in this place.
 C = Inter-level travel time spent in this place.
 D = Time resting spent in this place.
 E = Time spent auto-exploring this place.
 F = Levels seen in this place.
 G = Mean time per level.
                   A        B        C        D        E       F      G
               +--------+--------+--------+--------+--------+-----+--------+
         Total |  13650 |  13267 |    383 |   4647 |   6543 |  14 |  975.0 |
       Dungeon |  13553 |  13185 |    368 |   4647 |   6485 |  12 | 1129.4 |
        Temple |     87 |     72 |     15 |      0 |     58 |   1 |   87.0 |
      Ice Cave |      9 |      9 |      0 |      0 |      0 |   1 |    9.0 |
               +--------+--------+--------+--------+--------+-----+--------+

Top non-repeatable levels by time:
     D:8: 1760 daAuts
     D:6: 1740 daAuts
     D:9: 1715 daAuts
     D:7: 1534 daAuts
     D:1: 1183 daAuts
     D:4: 1160 daAuts
    D:11: 1117 daAuts
     D:5: 1003 daAuts
     D:3: 947 daAuts
    D:10: 814 daAuts
     D:2: 558 daAuts
  Temple: 87 daAuts
    D:12: 16 daAuts
   IceCv: 9 daAuts
